 Dungeon Crawl Stone Soup version 0.22-a0-601-gb0ed703ee0 (webtiles) character file.

775 Oakleaf the Chopper (level 7, -3/64 HPs)
             Began as a Minotaur Berserker on July 7, 2018.
             Was a Priest of Trog.
             Killed from afar by an electric eel (10 damage)
             ... with a bolt of electricity
             ... on level 5 of the Dungeon.
             The game lasted 00:22:30 (5860 turns).

Oakleaf the Chopper (Minotaur Berserker)            Turns: 5860, Time: 00:22:30

Health: -3/64      AC:  9    Str: 22    XL:     7   Next: 54%
Magic:  6/6        EV: 12    Int:  4    God:    Trog [***...]
Gold:   107        SH:  0    Dex: 11    Spells: 6/6 levels left

rFire    + . .     SeeInvis +   a - +0 hand axe
rCold    + . .     Gourm    .   (no shield)
rNeg     . . .     Faith    .   j - +2 ring mail {rPois}
rPois    +         Spirit   .   (helmet restricted)
rElec    .         Reflect  .   p - scarf {rC+ rF+}
rCorr    .         Harm     .   (no gloves)
MR       .....                  u - +0 pair of boots
Stlth    +.........             (no amulet)
HPRegen  0.20/turn              g - ring of see invisible
MPRegen  0.10/turn              (no ring)

@: berserk cooldown, slowed, very slow
A: retaliatory headbutt, horns 2
a: Berserk, Trog's Hand, Renounce Religion


You were on level 5 of the Dungeon.
You worshipped Trog.
Trog was most pleased with you.
You were not hungry.

You visited 1 branch of the dungeon, and saw 5 of its levels.

You collected 308 gold pieces.
You spent 201 gold pieces at shops.

Inventory:

Hand Weapons
 a - a +0 hand axe (weapon)
 s - a +0 battleaxe
Armour
 b - a +0 animal skin
 j - a +2 ring mail of poison resistance (worn)
 o - a +0 scale mail of poison resistance
 p - a scarf of resistance (worn)
 u - a +0 pair of boots (worn)
Jewellery
 g - a ring of see invisible (left hand)
 t - an uncursed ring of wizardry
 v - a +4 ring of slaying {unknown}
Wands
 w - a wand of flame (23)
Scrolls
 d - 8 scrolls of remove curse
 e - 5 scrolls of identify
 h - 2 scrolls of fog {unknown}
 i - a scroll of enchant weapon {unknown}
 k - a scroll of amnesia {unknown}
 l - 2 scrolls of enchant armour {unknown}
 n - 3 scrolls of teleportation {unknown}
 q - a scroll of magic mapping {unknown}
 r - a scroll of fear {unknown}
Potions
 f - 3 potions of lignification {unknown}
 m - 3 potions of invisibility {unknown}
Comestibles
 c - 6 rations


   Skills:
 + Level 6.5 Fighting
 * Level 6.8 Axes
 + Level 5.4 Armour
 - Level 4.0 Dodging


You had 6 spell levels left.
You didn't know any spells.
Your spell library was empty.

Dungeon Overview and Level Annotations

Branches:
Dungeon (5/15)             Temple (0/1) D:4

Altars:
Elyvilon
Nemelex Xobeh
Ru
The Shining One

Shops:
D:5 (

Annotations:
D:5 1 transporter


Innate Abilities, Weirdness & Mutations

You reflexively headbutt those who attack you in melee.
You have a pair of horns on your head.


Message History

The bolt of electricity hits you!
The bolt of electricity hits the electric eel.
The electric eel completely resists.
The bolt of electricity hits the electric eel.
The electric eel completely resists.
The bolt of electricity hits you!
The electric eel shoots out a bolt of lightning at you!
The bolt of electricity hits you! x2
You closely miss the electric eel.
The electric eel is moderately wounded.
You hit the electric eel.
The electric eel shoots out a bolt of lightning at you!
The bolt of electricity hits you!
The bolt of electricity hits the electric eel.
The electric eel completely resists.
The bolt of electricity hits the electric eel.
The electric eel completely resists.
The bolt of electricity hits you!
* * * LOW HITPOINT WARNING * * *
The electric eel shoots out a bolt of lightning at you!
The bolt of electricity hits you!
You die...

#......##..# #......##..#
##'##+###..### #.##.........
#################..#.##..#### ##
#..................#.##...... .#
#.###############..#......###
'####.#8P#≈≈≈≈≈;;#P8#....###.....
......#..#......@#..#....###.####
..#..©#©!+...⌠...'.©#©...##......
(.##..#..#.......#..#....##..####
..###.#8P#≈≈≈≈≈≈;#P8#.#..##..# #
..# #.###############.##.#...#
..# #.................##.#...#
..# ####################.....#
### #.......# ####.....# ..#
#.#####.# #........#


You could see 3 electric eels.

Vanquished Creatures
  An ice beast (D:5)
  A centaur (D:5)
  A water moccasin skeleton (D:4)
  A howler monkey (D:4)
  2 crimson imps
  A quasit (D:5)
  2 hounds (D:5)
  An orc priest (D:3)
  3 orc wizards (D:5)
  3 worker ants (D:4)
  3 gnolls
  6 adders
  A shadow imp (D:5)
  An ooze (D:4)
  2 worms (D:2)
  11 orcs
  A ball python (D:3)
  9 bats
  A giant cockroach (D:4)
  7 goblins
  9 hobgoblins
  6 jackals
  A quokka (D:4)
  7 kobolds
  A quokka zombie (D:5)
  9 rats
91 creatures vanquished.

Notes
Turn   | Place    | Note
-------+----------+-------------------------------------------
     0 | D:1      | Oakleaf the Minotaur Berserker began the quest for the Orb.
     0 | D:1      | Reached XP level 1. HP: 19/19 MP: 0/0
   122 | D:1      | Reached XP level 2. HP: 27/27 MP: 1/1
   480 | D:1      | Reached ** piety under Trog
   852 | D:1      | Found a sparkling altar of Nemelex Xobeh.
  1158 | D:1      | Reached XP level 3. HP: 33/33 MP: 2/2
  1669 | D:2      | Reached XP level 4. HP: 40/40 MP: 3/3
  1681 | D:2      | HP: 2/41 [gnoll/halberd (14)]
  2061 | D:2      | Found a glowing golden altar of the Shining One.
  2582 | D:3      | Reached XP level 5. HP: 32/47 MP: 4/4
  3016 | D:3      | Found a sacrificial altar of Ru.
  3047 | D:3      | Found a white marble altar of Elyvilon.
  3152 | D:3      | Reached skill level 5 in Fighting
  3967 | D:4      | Reached *** piety under Trog
  3967 | D:4      | Reached skill level 5 in Axes
  3967 | D:4      | Reached XP level 6. HP: 48/56 MP: 5/5
  4072 | D:4      | Found a staircase to the Ecumenical Temple.
  4742 | D:5      | Entered Level 5 of the Dungeon
  5000 | D:5      | Reached XP level 7. HP: 63/63 MP: 6/6
  5001 | D:5      | Reached skill level 5 in Armour
  5187 | D:5      | Found a transporter.
  5247 | D:5      | Found Urcheen's Antique Weapon Shoppe.
  5255 | D:5      | Bought a battleaxe for 201 gold pieces
  5487 | D:5      | Found a transporter.
  5860 | D:5      | Killed from afar by an electric eel

Vault maps used:
D:1:      dpeg_arrival_round_c, nemelex_xobeh_ov_fountains_minmay
D:2:      tso_oasis_becter, serial_park_tiny_pond
D:3:      elyvilon_altar_5, lemuel_coloured_pillars_altar, first_ration
D:4:      minmay_temple_entry_grid
D:5:      gammafunk_steamed_eel, serial_shops, nicolae_shop_stone

Skill      XL: |  1  2  3  4  5  6  7 |
---------------+----------------------+-----
Axes           | 4 5 6 |  6.8
Fighting       | 4 5 6 |  6.5
Armour         | 3 4 5 |  5.4
Dodging        | 3 4 |  4.0

Action                   |  1- 3 |  4- 6 |  7- 9 || total
-------------------------+-------+-------+-------++-------
Melee: Hand axe          |    70 |   122 |    15 ||   207
       Headbutt          |    10 |    18 |     7 ||    35
       Battleaxe         |       |       |    16 ||    16
Invok: Berserk           |     6 |     6 |     1 ||    13
       Trog's Hand       |       |     1 |       ||     1
  Use: Scroll            |       |     2 |       ||     2
  Eat: Chunk             |     7 |     9 |     2 ||    18
       Ration            |       |     2 |     1 ||     3
Armor: Animal skin       |    15 |    12 |       ||    27
       Ring mail         |       |    20 |    10 ||    30
Dodge: Dodged            |    47 |    84 |    21 ||   152

Table legend:
 A = Spawn XP
 B = Non-spawn XP
 C = Spawn XP percentage of total XP
 D = Spawn monster count
 E = Non-spawn monster count
 F = Spawn count percentage of total count
 G = Total turns spent on level
                    A         B        C        D         E        F      G
               +---------+---------+-------+---------+---------+-------+---------
         Total |       0 |    1108 |   0.0 |       0 |      91 |   0.0 |  5860
               +---------+---------+-------+---------+---------+-------+---------
           D:1 |       0 |      44 |   0.0 |       0 |      28 |   0.0 |  1309
           D:2 |       0 |      93 |   0.0 |       0 |      15 |   0.0 |  1203
           D:3 |       0 |     182 |   0.0 |       0 |      24 |   0.0 |  1226
           D:4 |       0 |     240 |   0.0 |       0 |       9 |   0.0 |  1004
           D:5 |       0 |     549 |   0.0 |       0 |      15 |   0.0 |  1118
               +---------+---------+-------+---------+---------+-------+---------
